 Dungeon Crawl Stone Soup version 0.28-a0-697-g47f3eba078 (webtiles) character file.

Game seed: 5757180275461235230

1899 kvnlrwnvk the Covert (level 8, -1/33 (36) HPs)
             Began as a Spriggan Enchanter on Oct 23, 2021.
             Slain by a necrophage (3 damage)
             ... on level 5 of the Dungeon.
             The game lasted 00:20:43 (12544 turns).

kvnlrwnvk the Covert (Spriggan Enchanter)          Turns: 12544, Time: 00:20:43

HP:   -1/33 (36)    AC:  3    Str:  6    XL:     8   Next: 93%
MP:   30/30         EV: 17    Int: 16    God:
Gold: 363           SH:  0    Dex: 16    Spells: 16/24 levels left

rFire   . . .      SeeInvis +   o - +0 rapier
rCold   . . .      Faith    .   (shield restricted)
rNeg    . . .      Spirit   .   b - +1 robe
rPois   .          Reflect  .   (helmet restricted)
rElec   +          Harm     .   (no cloak)
rCorr   .          Rampage  .   (gloves unavailable)
Will    +....                   (boots unavailable)
Stlth   +++++.....              (no amulet)
HPRegen 0.11/turn               f - ring of wizardry
MPRegen 0.22/turn               i - ring of Ukhaxub {rElec MP+9}

@: drained, very quick
A: very small, no large weapons, unfitting armour, see invisible, speed 3, sense
surroundings 1
a: no special abilities


You were on level 5 of the Dungeon.
You visited 2 branches of the dungeon, and saw 7 of its levels.

You collected 363 gold pieces.

Inventory:

Hand Weapons
 a - a +1 dagger
 n - a +1 dagger of venom
 o - a +0 rapier (weapon)
Missiles
 g - a throwing net (quivered)
Armour
 b - a +1 robe (worn)
Jewellery
 f - a ring of wizardry (left hand)
 i - the ring of Ukhaxub (right hand) {rElec MP+9}
   (You acquired it on level 6 of the Dungeon)

   [ring of magical power]

   rElec:     It insulates you from electricity.
   MP:        It affects your magic capacity (+9).
 r - a ring of wizardry
Wands
 d - a wand of polymorph (14)
 p - a wand of paralysis (21)
Scrolls
 h - 3 scrolls of enchant armour
 k - a scroll of amnesia
 l - 4 scrolls of teleportation
Potions
 c - a potion of invisibility
 e - a potion of might
 j - 2 potions of lignification
 m - a potion of magic
 s - a potion of haste


   Skills:
 - Level 1.1 Short Blades
 - Level 2.6 Dodging
 + Level 10.3 Stealth
 + Level 8.8 Spellcasting
 + Level 9.2 Hexes


You had 16 spell levels left.
You knew the following spells:

 Your Spells              Type           Power      Damage    Failure   Level
a - Ensorcelled Hibernat  Hex/Ice        42%        N/A       1%          2
b - Tukima's Dance        Hex            36%        N/A       1%          3
c - Dazzling Flash        Conj/Hex       42%        N/A       1%          3

Your spell library contained the following spells:

 Spells                   Type           Power      Damage    Failure   Level
 Confusing Touch          Hex            36%        N/A       1%          3
 Gell's Gravitas          Tloc           3%         N/A       12%         3
 Lesser Beckoning         Tloc           7%         N/A       12%         3
 Spider Form              Tmut/Pois      3%         N/A       12%         3
 Teleport Other           Tloc           7%         N/A       12%         3


Dungeon Overview and Level Annotations

Branches:
Dungeon (6/15)             Temple (1/1) D:6

Altars:
Ashenzari
Cheibriados
Elyvilon
Fedhas
Gozag
Hepliaklqana
Kikubaaqudgha
Makhleb
Nemelex Xobeh
Okawaru
Qazlal
Ru
Sif Muna
Trog
Uskayaw
Vehumet
Wu Jian
Xom
Yredelemnul
Zin
The Shining One

Annotations:
D:5 1 transporter, Beardy's ghost, amateur DDEE


Innate Abilities, Weirdness & Mutations

You are very small and have problems with some larger weapons.
You are too small for most types of armour.
You have supernaturally acute eyesight. (SInv)
You cover ground extremely quickly. (Speed+++)
You passively map a small area around you.


Message History

You are too injured to fight recklessly!
You are too injured to fight recklessly!
You are too injured to fight recklessly!
You are too injured to fight recklessly!
You are too injured to fight recklessly!
You are too injured to fight recklessly!
You are too injured to fight recklessly!
You are too injured to fight recklessly!
You are too injured to fight recklessly!
You barely miss the necrophage.
The necrophage is heavily damaged.
The necrophage hits you.
* * * LOW HITPOINT WARNING * * *
You barely miss the necrophage.
The necrophage is heavily damaged.
The necrophage barely misses you.
You hit the necrophage but do no damage.
The necrophage is heavily damaged.
The necrophage hits you.
* * * LOW HITPOINT WARNING * * *
You hit the necrophage but do no damage.
The necrophage is heavily damaged.
The necrophage misses you.
You barely miss the necrophage.
The necrophage is heavily damaged.
The necrophage hits you but does no damage.
You closely miss the necrophage.
The necrophage is heavily damaged.
The necrophage completely misses you. The necrophage hits you.
* * * LOW HITPOINT WARNING * * *
You hit the necrophage.
The necrophage is severely damaged.
The necrophage misses you.
You hit the necrophage but do no damage.
The necrophage is severely damaged.
The necrophage barely misses you.
You hit the necrophage.
The necrophage is almost destroyed.
The necrophage hits you.
You die...

#...#...# ##'## ##
#..###..# #.# #.#.#.#.##
#.######### #........#
####.........# #..##.#..#
#........###.# #........#
#............# ##.##>##.#
#.#...##.###.#
#.##.##.####.##.....###.##
#.##.....@n....)..........
#.#####.#######.........##
#.......# ##.######.#
######### #........#
##########


You could see a necrophage.

Vanquished Creatures
  3 steam dragons (D:6)
  A water moccasin (D:6)
  2 sky beasts (D:5)
  A black bear (D:4)
  3 ogres
  A necrophage (D:6)
  A phantom (D:5)
  A water moccasin zombie (D:5)
  A howler monkey (D:5)
  A centaur zombie (D:4)
  A jelly (D:4)
  A centaur skeleton (D:6)
  A hound (D:6)
  An orc priest (D:5)
  An iguana (D:5)
  3 orc wizards
  A hound zombie (D:5)
  3 gnolls
  13 adders
  An adder zombie (D:5)
  3 worms
  5 dart slugs
  10 orcs
  2 bats
  8 endoplasms
  6 giant cockroaches
  19 goblins
  5 hobgoblins
  6 jackals (D:4)
  9 kobolds
  6 quokkas
  7 ball pythons
  5 frilled lizards
  5 rats
137 creatures vanquished.

Vanquished Creatures (collateral kills)
  A gnoll sergeant (D:5)
  Robin (D:4)
  A gnoll (D:4)
3 creatures vanquished.

Vanquished Creatures (others)
  3 dancing weapons (D:4)
  16 fungi (D:6)
19 creatures vanquished.

Grand Total: 159 creatures vanquished

Notes
Turn   | Place    | Note
-------+----------+-------------------------------------------
     0 | D:1      | kvnlrwnvk the Spriggan Enchanter began the quest for the
                  | Orb.
     0 | D:1      | Reached XP level 1. HP: 9/9 MP: 5/5
   897 | D:2      | Reached XP level 2. HP: 9/13 MP: 7/7
   900 | D:2      | Learned a level 2 spell: Ensorcelled Hibernation
  1841 | D:2      | Reached XP level 3. HP: 9/16 MP: 1/9
  1848 | D:2      | Learned a level 3 spell: Tukima's Dance
  1852 | D:2      | Learned a level 3 spell: Dazzling Flash
  3044 | D:1      | Gained mutation: You are clumsy. (Dex -2) [potion of
                  | mutation]
  3044 | D:1      | Gained mutation: You are partially covered in iridescent
                  | scales. (AC +2) [potion of mutation]
  3144 | D:1      | Reached XP level 4. HP: 21/21 MP: 11/11
  3408 | D:3      | Reached skill level 5 in Hexes
  4328 | D:3      | Lost mutation: You are clumsy. (Dex -2) [potion of
                  | mutation]
  4328 | D:3      | Lost mutation: You are partially covered in iridescent
                  | scales. (AC +2) [potion of mutation]
  4328 | D:3      | Gained mutation: You passively map a small area around you.
                  | [potion of mutation]
  4340 | D:3      | Reached skill level 5 in Spellcasting
  4340 | D:3      | Reached XP level 5. HP: 24/24 MP: 11/13
  5564 | D:3      | Reached skill level 5 in Stealth
  6252 | D:4      | Noticed Robin
  6361 | D:4      | Killed Robin
  6362 | D:4      | Reached XP level 6. HP: 28/28 MP: 9/15
  7209 | D:4      | Reached skill level 6 in Stealth
  7649 | D:5      | Entered Level 5 of the Dungeon
  7745 | D:4      | Reached XP level 7. HP: 32/32 MP: 4/17
  8273 | D:5      | Reached skill level 7 in Stealth
  8932 | D:5      | HP: 1/32 [ogre (31)]
  9431 | D:5      | Reached skill level 8 in Stealth
  9763 | D:5      | Found a transporter.
  9767 | D:5      | Noticed Beardy's ghost (amateur DDEE)
  9899 | D:5      | Reached XP level 8. HP: 35/36 MP: 20/20
 10682 | D:6      | Reached skill level 9 in Stealth
 10970 | D:6      | Identified a scroll of acquirement
 10970 | D:6      | Acquired the ring of Ukhaxub {rElec MP+9}
 11114 | D:6      | Found a staircase to the Ecumenical Temple.
 11133 | Temple   | Entered the Ecumenical Temple
 11785 | D:6      | Reached skill level 10 in Stealth
 12544 | D:5      | Slain by a necrophage

Illustrated notes

Levels and vault maps discovered:
D:1:      minmay_arrival_stair_chambers, layout_loops_corners,
          minmay_tiny_reverse_x
D:2:      layout_basic
D:3:      layout_loops_corners
D:4:      layout_cave_pools, uniq_robin
D:5:      layout_loops_corners, gammafunk_ghost_stat_death,
          minmay_fractal_squares_diagonal_5
D:6:      kennysheep_steamy, layout_loops_ring,
          minmay_temple_entry_stoned_glass, kennysheep_generic_room_15
Temple:   grunt_wide_crystal_templ

Skill      XL: |  1  2  3  4  5  6  7  8 |
---------------+-------------------------+-----
Spellcasting   | 3 4 5 6 7 8 |  8.8
Hexes          | 4 5 6 7 9 |  9.2
Stealth        | 5 6 8 10 | 10.3
Short Blades   | |  1.1
Dodging        | |  2.6

Action                   |  1- 3 |  4- 6 |  7- 9 || total
-------------------------+-------+-------+-------++-------
Melee: Dagger            |   139 |   290 |    67 ||   496
       Rapier            |       |       |   121 ||   121
 Cast: Ensorcelled Hiber |    15 |    51 |    20 ||    86
       Tukima's Dance    |       |    14 |     3 ||    17
       Dazzling Flash    |       |       |     1 ||     1
  Use: Scroll            |     4 |     5 |     5 ||    14
       Potion            |     1 |     1 |     5 ||     7
 Stab: Sleeping          |    19 |    30 |    19 ||    68
       Distracted        |       |     1 |     1 ||     2
       Invisible         |       |       |     1 ||     1
Armor: Robe              |    10 |    64 |    17 ||    91
Dodge: Dodged            |   106 |   290 |   125 ||   521

Table legend: (Time is in decaauts)
 A = Elapsed time spent in this place.
 B = Non-inter-level travel time spent in this place.
 C = Inter-level travel time spent in this place.
 D = Time resting spent in this place.
 E = Time spent auto-exploring this place.
 F = Levels seen in this place.
 G = Mean time per level.
                   A        B        C        D        E       F      G
               +--------+--------+--------+--------+--------+-----+--------+
         Total |  10500 |  10216 |    284 |   3446 |   5092 |   7 | 1500.0 |
       Dungeon |  10451 |  10177 |    274 |   3446 |   5064 |   6 | 1741.8 |
        Temple |     48 |     38 |     10 |      0 |     28 |   1 |   48.0 |
               +--------+--------+--------+--------+--------+-----+--------+

Top non-repeatable levels by time:
     D:3: 2632 daAuts
     D:5: 2178 daAuts
     D:4: 2019 daAuts
     D:2: 1551 daAuts
     D:1: 1180 daAuts
     D:6: 888 daAuts
  Temple: 48 daAuts
